cohdb
Replays
Latest Replays
All Replays
Popular Replays
Top Player Replays
Match Explorer
How It Works
Community
CoH3 Stats
Reddit
Sign in to upload your games and track your stats! →
Sign in with Steam
Match 42499096
Unlisted
Match 42499096
Overview
Messages
Build Orders
End
Construct Barracks
Riflemen Squad
Riflemen Squad
Selects Advanced Infantry Battlegroup
M1 Mortar Team
Infantry Support Center
Riflemen Squad
Selects Artillery Observers
Construct Medical Station
M1918 Browning Automatic Rifles
Grenade Package
Selects Convert to Ranger Squad
Construct Motor Pool
M1 Anti-tank Gun Team
Advanced Logistics
Selects Frontline Medical Station
M1 Anti-tank Gun Team
M1 Anti-tank Gun Team
Selects Infantry Assault
Ranger Squad
Construct Tank Depot
Selects M2A1 105mm Howitzer Emplacement
Selects 155mm Rapid Artillery Barrage
Infantry Assault
M4A1 Sherman Medium Tank
155mm Rapid Artillery Barrage
Riflemen Squad
M4A1 Sherman Medium Tank
Engineer Squad
Captain Retinue
Frontline Medical Station
.30 cal Machine Gun
M4A1 Sherman Medium Tank
Riflemen Squad
Infantry Assault
155mm Rapid Artillery Barrage
.30 cal Machine Gun
Riflemen Squad
M4A1 Sherman Medium Tank
Infantry Assault
155mm Rapid Artillery Barrage
M4A1 Sherman Medium Tank
Riflemen Squad
Infantry Assault
Riflemen Squad
pagep
7k this year for sure
Skyline
Dark Lord Cthulhu
0
0
Comments
sign in to comment!
No comments posted yet!